 Dungeon Crawl Stone Soup version 0.27-a0-333-gfa571bf19a (webtiles) character file.

Game seed: 5800645419697775325

2482 kae the Cleaver (level 9, -2/64 (79) HPs)
             Began as a Hill Orc Fighter on Feb 12, 2021.
             Slain by a troll (6 damage)
             ... on level 7 of the Dungeon.
             The game lasted 00:05:02 (9245 turns).

kae the Cleaver (Hill Orc Fighter)                  Turns: 9245, Time: 00:05:03

HP:   -2/64 (79)    AC: 13    Str: 28    XL:     9   Next: 52%
MP:   9/9           EV:  9    Int:  8    God:
Gold: 287           SH: 10    Dex: 10    Spells: 8/8 levels left

rFire    . . .     SeeInvis .   a - +0 war axe (drain)
rCold    . . .     Faith    .   c - +0 kite shield
rNeg     . . .     Spirit   .   b - +0 scale mail
rPois    .         Reflect  .   k - +0 helmet
rElec    .         Harm     .   A - +2 cloak
rCorr    .         Rampage  .   (no gloves)
Will     +....                  u - +0 pair of boots
Stlth    ..........             o - amulet of the acrobat
HPRegen  0.20/turn              l - ring of willpower
MPRegen  0.11/turn              w - +6 ring of strength

@: heavily drained
A: no striking features
a: no special abilities


You were on level 7 of the Dungeon.
You visited 1 branch of the dungeon, and saw 7 of its levels.

You collected 287 gold pieces.

Inventory:

Hand Weapons
 a - a +0 war axe of draining (weapon)
 q - a +1 hand axe of flaming
Armour
 b - a +0 scale mail (worn)
 c - a +0 kite shield (worn)
 k - a +0 helmet (worn)
 u - a +0 pair of boots (worn)
 A - a +2 cloak (worn)
Jewellery
 l - a ring of willpower (left hand)
 o - an amulet of the acrobat (around neck)
 r - a ring of willpower
 w - a +6 ring of strength (right hand)
 y - a ring of protection from fire
Wands
 x - a wand of random effects (21)
Scrolls
 e - 6 scrolls of teleportation
 f - a scroll of blinking
 g - 8 scrolls of amnesia
 i - 2 scrolls of identify
 j - 2 scrolls of immolation
 p - a scroll of enchant armour {unknown}
 B - a scroll of fear
Potions
 d - a potion of cancellation
 h - a potion of invisibility
 m - 2 potions of brilliance
 n - 3 potions of curing
 s - a potion of lignification
 t - a potion of berserk rage
 v - a potion of haste
 z - 2 potions of heal wounds


   Skills:
 + Level 7.6 Fighting
 * Level 10.6 Axes
 + Level 7.0 Armour
 + Level 4.4 Dodging
 - Level 3.2 Shields


You had 8 spell levels left.
You didn't know any spells.
Your spell library contained the following spells:

 Spells                   Type           Power        Failure   Level
 Corona                   Hex            0%           99%         1
 Ensorcelled Hibernation  Hex/Ice        0%           99%         2
 Confusing Touch          Hex            0%           100%        3
 Dazzling Flash           Conj/Hex       0%           100%        3
 Tukima's Dance           Hex            0%           100%        3


Dungeon Overview and Level Annotations

Branches:
Dungeon (7/15)             Temple (0/1) D:6

Altars:
Fedhas
Ru
Sif Muna
The Shining One


Message History

Things that are here:
a +0 shortbow; 29 arrows; a centaur corpse
B - a scroll of fear A troll comes into view.
The troll shouts!
A troll is nearby!
A troll is nearby!
A troll is nearby!
You barely miss the troll. The troll bites you!
The troll claws you but does no damage. You block the troll's attack.
You hit the troll.
The troll is lightly wounded.
The troll closely misses you. The troll claws you.
The troll closely misses you.
You hit the troll but do no damage.
The troll is lightly wounded.
The troll bites you! The troll barely misses you. x2
You are too injured to fight recklessly!
You are too injured to fight recklessly!
You are too injured to fight recklessly!
You are too injured to fight recklessly!
You are too injured to fight recklessly!
You are too injured to fight recklessly!
You are too injured to fight recklessly!
You are too injured to fight recklessly!
You are too injured to fight recklessly!
You hit the troll but do no damage.
The troll is lightly wounded.
The troll bites you! The troll claws you but does no damage.
The troll claws you. The troll bites you.
* * * LOW HITPOINT WARNING * * *
The troll barely misses you. The troll claws you but does no damage.
You closely miss the troll.
The troll is lightly wounded.
The troll bites you!
* * * LOW HITPOINT WARNING * * *
The troll barely misses you. The troll claws you.
* * * LOW HITPOINT WARNING * * *
You barely miss the troll. The troll closely misses you. The troll claws you.
You die...

### #............,,** *
##.............,**
#.............,,*
#.............,,***
#.............,,,,***
##............,,*,,,***
#............,,***,,,,
#............,,,*****,
##...@T......,,,* **
#...........,,,*
##..........,,**
#..........,**
#..........**
###########*


You could see a troll.

Vanquished Creatures
  Grinder (D:3)
  Sigmund (D:3)
  An orc warrior (D:6)
  A sky beast (D:6)
  An ice beast (D:6)
  A necrophage (D:6)
  2 ogres
  3 centaurs
  A bullfrog (D:7)
  13 wights
  A howler monkey (D:4)
  2 jellies
  3 orc priests
  Crazy Yiuf (D:6)
  A hound (D:6)
  An iguana (D:6)
  6 orc wizards
  2 worker ants
  Robin (D:2)
  A worker ant zombie (D:7)
  4 gnolls (D:3)
  8 adders
  2 shadow imps
  A white imp (D:5)
  An ooze (D:4)
  An adder zombie (D:6)
  An adder skeleton (D:4)
  A worm (D:5)
  3 dart slugs
  A leopard gecko (D:3)
  19 orcs
  5 bats
  6 giant cockroaches
  12 goblins
  20 hobgoblins
  3 jackals (D:5)
  6 kobolds
  2 quokkas
  A ball python (D:2)
  4 frilled lizards
  2 jackal skeletons (D:4)
  2 leopard gecko skeletons (D:5)
  9 rats
158 creatures vanquished.

Notes
Turn   | Place    | Note
-------+----------+-------------------------------------------
     0 | D:1      | kae the Hill Orc Fighter began the quest for the Orb.
     0 | D:1      | Reached XP level 1. HP: 19/19 MP: 1/1
   132 | D:1      | Reached skill level 3 in Axes
   165 | D:1      | Reached XP level 2. HP: 27/27 MP: 2/2
   415 | D:1      | Reached XP level 3. HP: 33/33 MP: 3/3
  1601 | D:2      | Reached skill level 4 in Axes
  1672 | D:2      | Reached skill level 1 in Dodging
  1672 | D:2      | Reached XP level 4. HP: 34/40 MP: 4/4
  2078 | D:2      | Found a shimmering blue altar of Sif Muna.
  2152 | D:3      | Noticed Robin
  2551 | D:2      | Killed Robin
  2792 | D:3      | Reached XP level 5. HP: 36/47 MP: 5/5
  2800 | D:3      | Reached skill level 5 in Axes
  3060 | D:3      | Noticed Grinder
  3067 | D:3      | Paralysed by Grinder for 3 turns
  3079 | D:3      | Killed Grinder
  3080 | D:3      | Reached skill level 5 in Fighting
  3080 | D:3      | Reached skill level 6 in Axes
  3080 | D:3      | Reached XP level 6. HP: 32/56 MP: 6/6
  3272 | D:3      | Noticed Sigmund
  3301 | D:3      | Killed Sigmund
  3302 | D:3      | Reached XP level 7. HP: 19/61 MP: 7/7
  3692 | D:3      | Reached skill level 5 in Armour
  3706 | D:3      | Reached skill level 7 in Axes
  5349 | D:5      | Entered Level 5 of the Dungeon
  5397 | D:5      | Reached XP level 8. HP: 44/70 MP: 8/8
  5575 | D:5      | Reached skill level 8 in Axes
  5977 | D:5      | Found a glowing golden altar of the Shining One.
  6418 | D:6      | Found a blossoming altar of Fedhas.
  6577 | D:6      | Reached skill level 9 in Axes
  7067 | D:6      | Reached XP level 9. HP: 41/78 MP: 9/9
  7688 | D:6      | Found a staircase to the Ecumenical Temple.
  7911 | D:6      | Reached skill level 10 in Axes
  8572 | D:6      | Found a runed translucent door.
  8573 | D:6      | Noticed Crazy Yiuf
  8718 | D:6      | Found a sacrificial altar of Ru.
  8832 | D:6      | Killed Crazy Yiuf
  9236 | D:7      | Noticed a troll
  9245 | D:7      | Slain by a troll

Illustrated notes

Levels and vault maps discovered:
D:1:      amcnicky_arrival_single_pillar, layout_basic, chequers_arboretum
D:2:      layout_basic, lemuel_round_altar
D:3:      layout_basic, uniq_robin, uniq_grinder, uniq_sigmund
D:4:      layout_basic
D:5:      layout_loops_ring, tso_oasis_becter, grunt_decor_fettered
D:6:      layout_basic, marbit_many_paths, fedhas_altar_2,
          minmay_temple_entry_gardened_gates, uniq_crazy_yiuf_cottage
D:7:      layout_cave_pods, minmay_overflow_temple_hex, serial_shops, shop,
          uniq_duvessa

Skill      XL: |  1  2  3  4  5  6  7  8  9 |
---------------+----------------------------+-----
Axes           | 3 4 6 7 9 10 | 10.6
Fighting       | 4 5 6 7 |  7.6
Dodging        | 1 2 3 4 |  4.4
Armour         | 4 5 6 7 |  7.0
Shields        | |  3.2

Action                   |  1- 3 |  4- 6 |  7- 9 || total
-------------------------+-------+-------+-------++-------
Melee: War axe           |   103 |   110 |   372 ||   585
  Use: Scroll            |     4 |       |    14 ||    18
       Potion            |       |     7 |       ||     7
Armor: Scale mail        |    30 |    81 |   150 ||   261
       Skin              |       |    14 |       ||    14
Dodge: Dodged            |    29 |    52 |   118 ||   199
Block: Kite shield       |    55 |    66 |   174 ||   295

Table legend: (Time is in decaauts)
 A = Elapsed time spent in this place.
 B = Non-inter-level travel time spent in this place.
 C = Inter-level travel time spent in this place.
 D = Time resting spent in this place.
 E = Time spent auto-exploring this place.
 F = Levels seen in this place.
 G = Mean time per level.
                   A        B        C        D        E       F      G
               +--------+--------+--------+--------+--------+-----+--------+
         Total |   9476 |   9254 |    222 |   1825 |   5988 |   7 | 1353.7 |
       Dungeon |   9476 |   9254 |    222 |   1825 |   5988 |   7 | 1353.7 |
               +--------+--------+--------+--------+--------+-----+--------+

Top non-repeatable levels by time:
     D:6: 2203 daAuts
     D:2: 1720 daAuts
     D:4: 1388 daAuts
     D:3: 1386 daAuts
     D:1: 1241 daAuts
     D:5: 1215 daAuts
     D:7: 320 daAuts
